 Dungeon Crawl Stone Soup version 0.30-a0-878-gc727b3d3d6 (webtiles) character file.

Game seed: 2014612319016359321

1059 IndexError the Firebug (level 8, -11/41 HPs)
             Began as a Gargoyle Fire Elementalist on Mar 11, 2023.
             Was an Initiate of Vehumet.
             Mangled by an ogre
             ... wielding a +0 giant spiked club
              (24 damage)
             ... on level 6 of the Dungeon on Mar 12, 2023.
             The game lasted 00:13:51 (5707 turns).

IndexError the Firebug (Gargoyle Fire Elementalist) Turns: 5707, Time: 00:13:51

Health: -11/41     AC: 16    Str: 12    XL:     8   Next: 27%
Magic:  11/26      EV: 11    Int: 18    God:    Vehumet [......]
Gold:   260        SH:  0    Dex: 14    Spells: 13/19 levels left

rFire   + . .      SeeInvis .    a - +3 short sword (freeze)
rCold   . . .      Faith    .    (no shield)
rNeg    + . .      Spirit   .    v - +3 ring mail "Sulloaxt" {rF+ rCorr Dex+4 Slay-4}
rPois   ∞          Reflect  .    g - +0 helmet
rElec   +          Rampage  .    (no cloak)
rCorr   +                        (no gloves)
Will    .....                    u - +0 pair of boots
Stlth   +                        (no amulet)
HPRegen 0.26/turn                s - ring of resist corrosion
MPRegen 0.20/turn                x - ring of magical power {MP+9}

@: studying Axes
A: sickness immunity, AC +5, negative energy resistance 1, electricity
resistance, torment resistance 1, petrification resistance
a: Renounce Religion


You were on level 6 of the Dungeon.
You worshipped Vehumet.
Vehumet was noncommittal.
You visited 1 branch of the dungeon, and saw 6 of its levels.

You collected 260 gold pieces.

Inventory:

Hand Weapons
 a - a +3 short sword of freezing (weapon)
   (You took it off a kobold on level 3 of the Dungeon)
 b - a +1 shortbow of flaming
   (You took it off a centaur on level 5 of the Dungeon)
Missiles
 f - 4 throwing nets {=f, !d}
Armour
 g - a +0 helmet (worn)
   (You found it on level 2 of the Dungeon)
 p - a +0 robe
 u - a +0 pair of boots (worn)
   (You found it on level 3 of the Dungeon)
 v - the +3 ring mail "Sulloaxt" (worn) {rF+ rCorr Dex+4 Slay-4}
   (You found it on level 3 of the Dungeon)

   Dex:       It affects your dexterity (+4).
   Slay:      It affects your accuracy & damage with ranged weapons and melee
   (-4).
   rF:        It protects you from fire.
   rCorr:     It protects you from acid and corrosion.
Jewellery
 j - a ring of protection from fire {rF+, !d}
   (You found it on level 5 of the Dungeon)
 o - a +6 ring of dexterity
   (You found it on level 3 of the Dungeon)
 q - a ring of magical power {MP+9}
   (You took it off Ijyb on level 5 of the Dungeon)
 s - a ring of resist corrosion (left hand)
   (You found it on level 3 of the Dungeon)
 x - a ring of magical power (right hand) {MP+9}
   (You found it on level 3 of the Dungeon)
Wands
 n - a wand of acid (8)
   (You took it off Ijyb on level 5 of the Dungeon)
 B - a wand of polymorph (3)
   (You found it on level 4 of the Dungeon)
Scrolls
 d - a scroll of teleportation {unknown}
 e - a scroll of acquirement
 h - a scroll of immolation {!r}
 t - 2 scrolls of amnesia {unknown}
 w - a scroll of enchant armour {unknown}
 y - a scroll of magic mapping {unknown}
Potions
 c - a potion of magic
 i - a potion of berserk rage {!q}
 k - 5 potions of curing {unknown}
 l - a potion of heal wounds
 m - 2 potions of lignification {!q}
 r - a potion of attraction {!q}
 z - 2 potions of ambrosia {unknown}
 A - a potion of might


   Skills:
 - Level 1.4 Armour
 - Level 2.0 Dodging
 - Level 2.1 Stealth
 + Level 6.0 Spellcasting
 - Level 2.0 Conjurations
 + Level 7.1 Fire Magic


You had 13 spell levels left.
You knew the following spells:

 Your Spells              Type           Power      Damage    Failure   Level
a - Foxfire               Conj/Fire      84%        2x1d8     4%          1
b - Scorch                Fire           62%        2d8       2%          2
c - Kindle Blastsparks    Fire/Tloc/Air  28%        2d12      30%         3

Your spell library contained the following spells:

 Spells                   Type           Power      Damage    Failure   Level
 Magic Dart               Conj           48%        1d5       12%         1
 Searing Ray              Conj           24%        2d5       17%         2
 Inner Flame              Hex/Fire       18%        N/A       19%         3
 Flame Wave               Conj/Fire      21%        2d8       36%         4
 Fulminant Prism          Conj/Hex       4%         3d5       86%         4
 Petrify                  Tmut/Erth      5%         N/A       95%         4
 Irradiate                Conj/Tmut      4%         3d13      99%         5
 Sublimation of Blood     Necr           Unusable   N/A       N/A         2

Dungeon Overview and Level Annotations

Branches:
Dungeon (6/15)
 Temple: D:4-7

Altars:
Cheibriados
Elyvilon
Fedhas
Ru
Trog
Uskayaw
Vehumet
Xom
The Shining One

Shops:
D:5 (


Innate Abilities, Weirdness & Mutations

You are immune to sickness and miasma.
Your stone body is resilient. (AC +5)
You are immune to poison.
You resist negative energy. (rN+)
You are resistant to electric shocks. (rElec)
You are resistant to unholy torment.
You are immune to petrification.


Message History

Flames lash the iguana but do no damage.
You now have 22/25 mp.
Casting: Scorch (safe; 2% risk of failure)
Confirm with . or Enter, or press ? or * to list all spells.
Flames lash the iguana.
Vehumet accepts your kill.
You now have 20/25 mp.
Magic restored.
You open the door.
There is an open door here.
Found a stone staircase leading down.
MP restored: 25 You now have 260 gold pieces (gained 11).
You open the door.
There is an open door here.
Prince Ribbit comes into view.
Prince Ribbit croaks.
You hear a shout!
Prince Ribbit croaks regally.
Casting: Foxfire (safe; 4% risk of failure)
Press: ? - help, Q - select action, (/) - cycle Dir - look around, f - activate You conjure some foxfire!
You now have 24/25 mp.
Casting: Foxfire (safe; 4% risk of failure)
Press: ? - help, Q - select action, (/) - cycle Dir - look around, f - activate You conjure some foxfire!
The foxfire hits Prince Ribbit. x2
An ogre comes into view. It is wielding a +0 giant spiked club.
You now have 23/25 mp.
The foxfire hits Prince Ribbit.
Prince Ribbit attacks as you move away! Prince Ribbit hits you!
Prince Ribbit hits you but does no damage.
You take 10 damage, and have 31/41 hp.
MASSIVE DAMAGE!!
MP restored: 25 Prince Ribbit attacks as you move away!
Prince Ribbit hits you but does no damage. x2
Prince Ribbit blinks!
Prince Ribbit hits you but does no damage.
Prince Ribbit barely misses you.
Edmund the Younger comes into view.
He is wielding a +3 flail of holy wrath and wearing a +4 scale mail of willpower.
Prince Ribbit attacks as you move away! Prince Ribbit misses you.
Edmund shouts!
Prince Ribbit completely misses you.
Prince Ribbit lets out a mournful croak.
Prince Ribbit hits you!
You take 8 damage, and have 26/41 hp.
Prince Ribbit hits you but does no damage.
You can't go down here!
Casting: Foxfire (safe; 4% risk of failure)
Confirm with . or Enter, or press ? or * to list all spells.
The spell is quite dangerous to miscast (32% risk of failure)!
Continue anyway?
A cloud of volatile blastsparks flares up around you!
Prince Ribbit hits you.
You take 6 damage, and have 21/41 hp.
You now have 22/25 mp.
Prince Ribbit blinks! x2
There are monsters nearby!
Casting: Foxfire (safe; 4% risk of failure)
Press: ? - help, Q - select action, (/) - cycle Dir - look around, f - activate Look: Prince Ribbit (lightly wounded)
Okay, then.
Casting: Foxfire (safe; 4% risk of failure)
Confirm with . or Enter, or press ? or * to list all spells.
Flames lash Prince Ribbit.
Prince Ribbit's fire resistance burns away.
Prince Ribbit hits you but does no damage.
The cloud of blastsparks explodes!
The concussive blast engulfs Edmund!!
You now have 21/25 mp.
Casting: Scorch (safe; 2% risk of failure)
Confirm with . or Enter, or press ? or * to list all spells.
Flames lash Edmund.
Edmund's fire resistance burns away.
Prince Ribbit hits you!
You take 6 damage, and have 16/41 hp.
You now have 19/25 mp.
Casting: Scorch (safe; 2% risk of failure)
Confirm with . or Enter, or press ? or * to list all spells.
Flames lash Edmund.
Edmund is burned terribly!
Prince Ribbit hits you but does no damage.
Prince Ribbit hits you.
* * * LOW HITPOINT WARNING * * *
You hear a distant slurping noise.
You take 4 damage, and have 12/41 hp.
You now have 17/25 mp.
Casting: Scorch (safe; 2% risk of failure)
Confirm with . or Enter, or press ? or * to list all spells.
Flames lash Edmund.
Edmund is burned terribly!
Vehumet accepts your kill.
Prince Ribbit catches a mouse with his tongue.
Prince Ribbit closely misses you.
Your Spellcasting skill increases to level 6!
Your Fire Magic skill increases to level 7!
You now have 15/26 mp.
Casting: Scorch (safe; 2% risk of failure)
Confirm with . or Enter, or press ? or * to list all spells.
Flames lash Prince Ribbit.
Prince Ribbit is burned terribly!
Prince Ribbit closely misses you.
Prince Ribbit blinks!
You now have 13/26 mp.
Casting: Scorch (safe; 2% risk of failure)
Confirm with . or Enter, or press ? or * to list all spells.
Flames lash Prince Ribbit.
Prince Ribbit is burned terribly!
Vehumet accepts your kill.
The ogre hits you with a +0 giant spiked club!!
Ouch! That really hurt!
You die...

......#..#.... #.##.#.#
#####.#..#... . #.##.#..
.........#... ....####.##.###
.........##.#####...............O
.........##.......###.####.##.###
.........##..###### #..........
......#............ #.##.##.###
#######...#.###########.##.##.#
........>......§@O.......#.##.#
#########.#.#.#########..#.##.#
#.#.#.#########..#@##.#
#.#.................
#.################..# ... ...#
... ##.# .#


You could see an ogre.

Vanquished Creatures
  Prince Ribbit (D:6)
  Edmund (D:6)
  3 centaurs
  A phantom (D:5)
  A bullfrog (D:4)
  3 scorpions (D:5)
  2 hounds (D:4)
  A jelly (D:5)
  An orc priest (D:5)
  An iguana (D:6)
  Ijyb (D:5)
  7 adders
  6 gnolls
  A shadow imp (D:5)
  An ufetubus (D:4)
  A worm (D:4)
  8 orcs
  5 ball pythons
  5 endoplasms
  2 giant cockroaches
  6 goblins
  6 hobgoblins
  7 jackals
  6 kobolds
  2 quokkas
  4 bats
  3 frilled lizards
  11 rats
97 creatures vanquished.

Vanquished Creatures (others)
  347 foxfires
  3 fungi (D:6)
350 creatures vanquished.

Grand Total: 447 creatures vanquished

Notes
Turn   | Place    | Note
-------+----------+-------------------------------------------
     0 | D:1      | IndexError the Gargoyle Fire Elementalist began the quest
                  | for the Orb.
     0 | D:1      | Reached XP level 1. HP: 10/10 MP: 3/3
   199 | D:1      | Upgraded the game from 0.30-a0-870-gc5d4c5acee to
                  | 0.30-a0-878-gc727b3d3d6
   322 | D:1      | Reached XP level 2. HP: 15/15 MP: 3/5
   703 | D:1      | Reached skill level 1 in Armour
  1316 | D:2      | Reached skill level 2 in Dodging
  1316 | D:2      | Reached XP level 3. HP: 19/19 MP: 2/6
  1538 | D:2      | Reached skill level 2 in Conjurations
  1544 | D:2      | Learned a level 2 spell: Scorch
  1548 | D:2      | Learned a level 3 spell: Kindle Blastsparks
  1828 | D:2      | Found a hide-covered altar of Uskayaw.
  2238 | D:3      | Reached XP level 4. HP: 24/24 MP: 4/7
  2432 | D:3      | Found a faded altar of an unknown god.
  2632 | D:3      | HP: 5/24 [gnoll/+0 spear (5)]
  2789 | D:3      | Found a bloodstained altar of Trog.
  2791 | D:3      | Found a sacrificial altar of Ru.
  2918 | D:3      | Reached skill level 4 in Fire Magic
  3051 | D:3      | Identified the +3 ring mail "Sulloaxt" {rF+ rCorr Dex+4
                  | Slay-4}
  3091 | D:3      | Found a glowing silver altar of Zin.
  3093 | D:3      | Found a shimmering altar of Xom.
  3093 | D:3      | Found a shimmering altar of Xom.
  3142 | D:3      | Found a glowing golden altar of the Shining One.
  3142 | D:3      | Found a white marble altar of Elyvilon.
  3142 | D:3      | Found a snail-covered altar of Cheibriados.
  3602 | D:4      | Reached XP level 5. HP: 28/28 MP: 9/9
  3712 | D:4      | Reached skill level 3 in Spellcasting
  3858 | D:4      | Found a blossoming altar of Fedhas.
  4077 | D:4      | Found a white marble altar of Elyvilon.
  4086 | D:4      | Reached XP level 6. HP: 32/32 MP: 11/11
  4156 | D:4      | Reached skill level 5 in Fire Magic
  4313 | D:4      | Reached skill level 4 in Spellcasting
  4316 | D:4      | Reached XP level 7. HP: 26/36 MP: 6/13
  4589 | D:5      | Entered Level 5 of the Dungeon
  4637 | D:5      | Identified a scroll of acquirement
  4779 | D:5      | Reached skill level 5 in Spellcasting
  4779 | D:5      | Reached skill level 6 in Fire Magic
  4962 | D:5      | Found a radiant altar of Vehumet.
  5004 | D:5      | Noticed Ijyb
  5017 | D:5      | Killed Ijyb
  5171 | D:5      | Reached XP level 8. HP: 41/41 MP: 16/16
  5260 | D:5      | Found Buleb's Weapon Emporium.
  5473 | D:5      | Became a worshipper of Vehumet
  5672 | D:6      | Noticed Prince Ribbit
  5689 | D:6      | Noticed Edmund
  5705 | D:6      | Killed Edmund
  5706 | D:6      | Reached skill level 6 in Spellcasting
  5706 | D:6      | Reached skill level 7 in Fire Magic
  5707 | D:6      | Killed Prince Ribbit
  5707 | D:6      | Mangled by an ogre

Illustrated notes

Levels and vault maps discovered:
D:1:      elethiomel_arrival_infinity_welcomes_careful_drivers,
          layout_loops_ring, minivault_27, minmay_misc_feat_room
D:2:      layout_rooms, basic_altar, chequers_serial_rivers_room_b,
          minmay_rat_gold_closets
D:3:      layout_loops_corners, doesnt_xom_only_xom, grunt_temple_overflow_open,
          ebering_ecumenical_altar_webs
D:4:      layout_basic, lemuel_crystal_altar, nicolae_overflow_crystal_walls,
          minmay_manual_mares
D:5:      layout_rooms, mainiacjoe_overflow_brackets, serial_shops,
          nicolae_shop_stone, minmay_misc_feat_nine_boxes, uniq_ijyb
D:6:      layout_basic, mainiacjoe_overflow_catch_the_wave, uniq_blork_the_orc,
          uniq_edmund, uniq_grinder, uniq_prince_ribbit1, uniq_pikel

Skill      XL: |  1  2  3  4  5  6  7  8 |
---------------+-------------------------+-----
Armour         | 1 |  1.4
Dodging        | 2 |  2.0
Conjurations   | 2 |  2.0
Fire Magic     | 4 5 6 7 |  7.1
Spellcasting   | 3 4 5 6 |  6.0
Stealth        | |  2.1

Action                     |  1- 3 |  4- 6 |  7- 9 || total
---------------------------+-------+-------+-------++-------
  Melee: Spear             |    10 |       |       ||    10
         Dagger            |     9 |       |       ||     9
         Short sword       |       |    17 |     1 ||    18
   Fire: Shortbow          |       |       |     1 ||     1
   Cast: Foxfire           |    75 |    73 |    58 ||   206
         Scorch            |       |     9 |    13 ||    22
         Kindle Blastspark |       |       |     1 ||     1
    Use: Scroll            |       |       |    13 ||    13
   Stab: Sleeping          |     4 |     1 |       ||     5
 Armour: Robe              |     6 |     9 |    14 ||    29
         Ring mail         |       |       |     9 ||     9
  Dodge: Dodged            |    10 |    24 |    22 ||    56

Table legend: (Time is in decaauts)
 A = Elapsed time spent in this place.
 B = Non-inter-level travel time spent in this place.
 C = Inter-level travel time spent in this place.
 D = Time resting spent in this place.
 E = Time spent auto-exploring this place.
 F = Levels seen in this place.
 G = Mean time per level.
                   A        B        C        D        E       F      G
               +--------+--------+--------+--------+--------+-----+--------+
         Total |   5699 |   5357 |    342 |      0 |   4625 |   6 |  949.8 |
       Dungeon |   5699 |   5357 |    342 |      0 |   4625 |   6 |  949.8 |
               +--------+--------+--------+--------+--------+-----+--------+

Top non-repeatable levels by time:
     D:4: 1324 daAuts
     D:1: 1283 daAuts
     D:3: 1267 daAuts
     D:2: 940 daAuts
     D:5: 700 daAuts
     D:6: 182 daAuts

Table legend:
 A = Kills in this place as a percentage of kills in the entire game.
 B = Kills by you in this place as a percentage of kills by you in the entire game.
 C = Kills by friends in this place as a percentage of kills by friends in the entire game.
 D = Other kills in this place as a percentage of other kills in the entire game.
 E = Experience gained in this place as a percentage of experience gained in the entire game.
 F = Experience gained in this place divided by the number of levels of this place that you have seen.
                   A       B       C       D       E      F
               +-------+-------+-------+-------+-------+----------------------
         Total | 100.0 | 100.0 |   N/A |   N/A | 100.0 | 297.8
       Dungeon | 100.0 | 100.0 |   N/A |   N/A | 100.0 | 297.8
               +-------+-------+-------+-------+-------+----------------------
